Map: Frozen Temple

Players

Darkfuryon - Winner!

  • Race: Terran Terran
  • League: Diamond

Hartmann

  • Race: Protoss Protoss
  • League: Diamond

VOD

Have the link to the VOD?

Description

Time

  • Played on: April 23, 2016, 6:16 p.m.
  • Length: 6:53
Show
View Real Time Build Order
Export as new Build Order

Darkfuryon Terran - Winner!

Build Orders:  

Get SALT Encoding   

  12  0:01  SCV  
  13  0:13  SCV  
  14  0:19  Supply Depot  
  14  0:25  SCV  
  15  0:40  SCV  
  15  0:41  Barracks  
  16  0:46  Refinery  
  16  0:52  SCV  
  17  1:05  SCV  
  18  1:17  SCV  
  19  1:31  Supply Depot, Orbital Command  
  19  1:37  Barracks Reactor  
  19  1:59  SCV, Command Center  
  20  2:11  SCV  
  20  2:15  Marine x2  
  23  2:23  SCV  
  24  2:32  Marine  
  24  2:33  Marine  
  24  2:36  SCV  
  27  2:43  Refinery  
  27  2:44  Factory  
  27  2:50  Marine x2  
  29  2:54  SCV  
  30  3:06  SCV  
  30  3:10  Marine x2  
  33  3:24  Bunker  
  33  3:25  Orbital Command  
  33  3:26  SCV  
  33  3:28  Marine x2, Factory Tech Lab  
  33  3:29  Starport  
  35  3:38  SCV  
  36  3:46  Marine x2  
  38  3:50  Siege Tank, SCV  
  38  3:51  SCV  
  43  4:00  Supply Depot  
  43  4:02  SCV  
  43  4:03  SCV  
  45  4:10  Supply Depot  
  45  4:11  Medivac  
  45  4:13  Marine  
  45  4:15  Marine, SCV x2  
  51  4:25  Engineering Bay  
  51  4:27  SCV  
  51  4:28  SCV  
  51  4:30  Marine  
  54  4:32  Marine  
  54  4:35  Barracks  
  55  4:39  SCV  
  55  4:40  Siege Tank  
  59  4:48  Marine  
  59  4:50  Marine, SCV  
  59  4:51  SCV  
  65  4:53  Starport Reactor  
  65  4:56  Refinery  
  63  5:02  SCV  
  63  5:04  SCV, Barracks  
  65  5:10  Missile Turret  
  65  5:14  SCV  
  65  5:16  SCV  
  67  5:22  Marine x2  
  67  5:24  Barracks Tech Lab  
  67  5:26  SCV  
  67  5:27  Supply Depot  
  70  5:48  Marine x2, SCV x2, Medivac x2  
  70  5:49  Supply Depot, Siege Tank  
  81  5:56  Marine  
  82  6:00  SCV  
  82  6:01  SCV  
  84  6:06  Marine  
  85  6:12  SCV  
  85  6:14  Marauder  
  83  6:21  Marine  
  83  6:23  Marine  
  85  6:27  Barracks Reactor  
  85  6:30  Supply Depot  
  85  6:31  Supply Depot  
Show
View Real Time Build Order
Export as new Build Order

Hartmann Protoss 

Build Orders: 1 Gate Expand 

Get SALT Encoding   

  12  0:01  Probe (Chrono Boost)  
  13  0:11  Probe (Chrono Boost)  
  14  0:19  Pylon  
  14  0:22  Probe (Chrono Boost)  
  15  0:37  Probe (Chrono Boost)  
  15  0:38  Gateway  
  15  0:41  Assimilator  
  16  0:47  Probe (Chrono Boost)  
  17  0:58  Probe (Chrono Boost)  
  18  1:09  Probe (Chrono Boost)  
  19  1:19  Probe (Chrono Boost)  
  19  1:24  Nexus  
  20  1:34  Cybernetics Core  
  20  1:37  Probe (Chrono Boost)  
  21  1:43  Assimilator  
  21  1:47  Probe (Chrono Boost)  
  22  1:58  Pylon, Probe (Chrono Boost)  
  23  2:16  Adept (Chrono Boost), Warp Gate  
  23  2:17  Mothership Core (Chrono Boost)  
  26  2:37  Robotics Facility  
  26  2:38  Probe x2 (Chrono Boost)  
  28  2:44  Adept  
  28  2:49  Probe x2 (Chrono Boost)  
  32  2:59  Probe x2 (Chrono Boost)  
  34  3:08  Twilight Council  
  34  3:10  Probe (Chrono Boost)  
  34  3:11  Probe (Chrono Boost)  
  36  3:20  Probe (Chrono Boost)  
  36  3:23  Probe (Chrono Boost)  
  36  3:25  Observer (Chrono Boost)  
  39  3:29  Probe  
  39  3:30  Pylon  
  39  3:31  Adept  
  42  3:35  Probe  
  42  3:40  Probe  
  43  3:47  Observer (Chrono Boost), Probe  
  46  3:50  Probe  
  47  3:57  Gateway  
  47  3:58  Gateway  
  47  3:59  Probe  
  47  4:00  Assimilator  
  47  4:01  Probe  
  47  4:02  Assimilator  
  49  4:08  Blink (Chrono Boost)  
  49  4:11  Probe  
  49  4:14  Probe  
  49  4:16  Pylon  
  51  4:23  Probe  
  52  4:25  Probe  
  52  4:28  Observer  
  54  4:35  Pylon, Probe, Stalker  
  57  4:40  Probe  
  58  4:46  Forge  
  58  4:48  Probe  
  59  4:53  Immortal (Chrono Boost)  
  59  4:54  Pylon  
  59  4:58  Stalker x2  
  67  5:02  Probe  
  67  5:03  Probe  
  69  5:08  Pylon  
  69  5:13  Stalker  
  69  5:14  Pylon  
  71  5:27  Pylon, Probe, Stalker x2  
  71  5:28  Probe  
  77  5:30  Pylon  
  77  5:37  Pylon, Probe  
  78  5:46  Pylon  
  78  5:49  Immortal (Chrono Boost)  
  82  5:57  Zealot x3  
  76  6:19  Zealot x3  
  72  6:39  Gateway  
  72  6:42  Gateway  
  72  6:44  Gateway  
  72  6:46  Zealot x3  
Tags
 
Add a new tag
Caveats
  • Supply blocks, unpowered buildings, or Contaminate may cause inaccurate times.
  • Supply counts are checked every 10 seconds.